Map: [ESL] Data-C

Players

Spirit

  • Race: Terran Terran
  • Spawn Location: 9:00

Strange - Winner!

  • Race: Protoss Protoss
  • Spawn Location: 3:00

Event: DreamHack SC2 Masters 2022 Atlanta (Online)

VOD

Have the link to the VOD?

Description

Time

  • Played on: Sept. 30, 2022, 11:40 a.m.
  • Length: 17:30

All games in this series

Show
View Real Time Build Order
Export as new Build Order

Spirit Terran 

Build Orders:  

Get SALT Encoding   

  12  0:00  SCV  
  13  0:12  SCV  
  14  0:17  Supply Depot  
  14  0:25  SCV  
  15  0:39  SCV  
  15  0:40  Barracks  
  16  0:51  SCV  
  16  0:52  Refinery  
  17  1:03  SCV  
  18  1:10  Engineering Bay  
  18  1:15  SCV  
  19  1:28  Marine  
  19  1:29  Orbital Command  
  20  1:47  Barracks Reactor  
  20  1:55  SCV  
  20  1:58  Command Center  
  21  2:04  Bunker  
  21  2:08  Supply Depot  
  21  2:11  SCV  
  22  2:21  Factory  
  22  2:24  SCV  
  22  2:29  Marine x2  
  24  2:36  SCV  
  26  2:47  Marine  
  26  2:48  SCV  
  28  3:00  Command Center  
  28  3:03  SCV  
  29  3:10  Hellion  
  31  3:15  SCV  
  31  3:19  Orbital Command  
  32  3:20  Marine  
  32  3:22  Marine  
  34  3:27  SCV  
  34  3:32  Factory Tech Lab  
  35  3:35  Barracks  
  35  3:39  SCV  
  36  3:43  Marine x2  
  36  3:45  SCV  
  39  3:50  Siege Tank  
  39  3:52  SCV  
  43  3:56  Engineering Bay  
  43  3:57  SCV  
  44  4:04  Supply Depot, SCV  
  44  4:05  Marine  
  46  4:11  SCV, Marine  
  46  4:12  Orbital Command  
  46  4:16  SCV  
  49  4:23  SCV, Marine  
  51  4:25  Barracks Tech Lab, Siege Tank  
  51  4:28  SCV  
  53  4:31  Missile Turret  
  53  4:34  Refinery  
  53  4:36  SCV  
  53  4:38  Marine  
  55  4:40  SCV x2  
  55  4:45  Stimpack, Marine  
  57  4:46  Marine  
  57  4:48  SCV  
  57  4:49  Refinery  
  57  4:51  Refinery  
  57  4:52  SCV  
  61  4:53  SCV  
  61  4:55  Supply Depot  
  61  4:56  Marine  
  61  4:59  Barracks  
  63  5:00  SCV  
  63  5:04  SCV  
  63  5:05  Marine x2  
  67  5:13  SCV  
  69  5:14  Supply Depot  
  69  5:16  SCV, Siege Tank  
  69  5:17  Marine  
  69  5:19  Supply Depot  
  69  5:20  SCV  
  74  5:23  Marine  
  74  5:26  SCV, Starport  
  76  5:28  SCV  
  77  5:35  Marine  
  77  5:36  Engineering Bay, Marauder, Terran Infantry Weapons Level 1  
  77  5:38  Supply Depot  
  77  5:42  SCV x2  
  82  5:43  Orbital Command  
  82  5:48  Supply Depot  
  82  5:49  Marine  
  82  5:50  Barracks Tech Lab  
  82  5:54  SCV x2  
  85  5:57  Marauder  
  85  6:02  Marine  
  88  6:06  SCV, Terran Infantry Armor Level 1, Starport Reactor  
  88  6:07  SCV  
  88  6:08  SCV  
  91  6:13  Bunker  
  91  6:18  Supply Depot  
  91  6:19  SCV x2, Marauder, Combat Shield  
  91  6:22  SCV  
  96  6:26  Concussive Shells  
  96  6:27  Barracks  
  96  6:29  Barracks  
  96  6:31  SCV x2  
  98  6:34  SCV  
  98  6:37  Refinery  
  99  6:40  Supply Depot, Refinery, Marauder  
  99  6:43  SCV, Marauder  
  99  6:44  Viking  
  99  6:45  Supply Depot  
  99  6:46  Medivac  
  108  6:49  SCV x2  
  108  6:54  Armory  
  110  6:55  SCV  
  110  6:57  Ghost Academy  
  110  7:01  SCV  
  110  7:04  Supply Depot  
  110  7:05  Siege Tank  
  110  7:06  SCV  
  115  7:09  Supply Depot  
  115  7:15  Command Center  
  115  7:17  Medivac x2  
  115  7:22  Barracks Reactor, Barracks Tech Lab  
  119  7:24  Missile Turret, Marine  
  119  7:25  Marauder  
  119  7:28  Marauder, Marine  
  125  7:35  Supply Depot, SCV x2  
  125  7:36  Supply Depot  
  127  7:37  Siege Tank  
  127  7:41  Ghost  
  127  7:42  Marine  
  133  7:44  SCV  
  133  7:45  Terran Vehicle Weapons Level 1  
  133  7:47  SCV  
  133  7:48  Marauder, Marine  
  133  7:49  Marauder  
  139  7:59  Marine  
  139  8:00  Supply Depot  
  139  8:02  Missile Turret  
  139  8:04  Terran Infantry Weapons Level 2  
  139  8:05  Marine x2  
  139  8:06  Marine  
  139  8:09  Siege Tank, Marauder  
  139  8:10  Marauder  
  149  8:13  Marine  
  149  8:17  Barracks  
  149  8:18  Barracks  
  149  8:19  Barracks, Terran Infantry Armor Level 2  
  150  8:22  Missile Turret  
  150  8:27  SCV x3  
  150  8:31  Marauder  
  150  8:34  Enhanced Shockwaves  
  155  8:39  SCV  
  156  8:41  Siege Tank  
  156  8:46  Supply Depot  
  159  8:51  Planetary Fortress  
  159  8:52  Refinery x2  
  159  9:01  Command Center  
  159  9:03  Marauder x3, Marine  
  159  9:04  Sensor Tower  
  159  9:07  Barracks Tech Lab x2  
  166  9:13  Siege Tank  
  169  9:17  Command Center  
  169  9:18  Barracks Tech Lab  
  169  9:23  Medivac  
  169  9:24  Marauder, Ghost  
  174  9:39  Medivac, Ghost  
  174  9:44  Ghost  
  174  9:45  Command Center  
  180  9:47  Marauder, Marine  
  180  9:48  Marauder x2  
  186  9:53  Medivac, Marauder  
  178  10:08  Ghost x2  
  178  10:09  Marauder  
  178  10:10  Terran Vehicle Weapons Level 2  
  178  10:14  Command Center  
  184  10:22  Viking  
  184  10:23  Command Center  
  186  10:30  Missile Turret x2  
  186  10:31  Personal Cloaking  
  186  10:33  Missile Turret  
  186  10:36  Missile Turret, Sensor Tower  
  186  10:39  Medivac  
  188  10:43  Marauder  
  190  10:51  Planetary Fortress  
  190  10:52  Medivac  
  190  10:55  Orbital Command  
  192  11:03  Terran Infantry Weapons Level 3  
  192  11:07  Missile Turret  
  192  11:09  Sensor Tower  
  192  11:10  Terran Infantry Armor Level 3  
  192  11:22  Ghost Academy  
  192  11:23  Starport  
  192  11:34  Ghost  
  192  11:37  Ghost  
  195  11:41  Ghost  
  195  11:45  Ghost x2  
  193  11:55  Ghost  
  193  11:58  Liberator  
  192  12:02  Orbital Command x2  
  192  12:04  Refinery  
  192  12:05  Refinery, Ghost  
  192  12:06  Command Center  
  194  12:12  Marine  
  192  12:17  Marauder x4  
  179  12:27  Ghost  
  179  12:28  Marine x2  
  178  12:31  Orbital Command  
  178  12:32  Nuke  
  178  12:34  Ghost  
  180  12:37  Ghost  
  180  12:38  Marauder  
  180  12:40  Marauder x2  
  188  12:45  Marine  
  188  12:50  Medivac x2  
  193  12:55  Nuke  
  198  13:01  Terran Vehicle Weapons Level 3  
  200  13:08  Missile Turret x2  
  200  13:11  Marauder x3  
  200  13:12  Marine  
  200  13:13  Missile Turret  
  200  13:34  Starport  
  200  13:35  Starport  
  197  13:46  Liberator  
  197  13:48  Starport Reactor  
  200  13:50  Fusion Core  
  198  14:18  Nuke x2  
  198  14:22  Marine x2  
  200  14:29  Marine x6  
  200  14:31  Marine  
  191  14:32  Marine  
  173  14:39  Marine  
  173  14:40  Marine  
  147  14:46  Viking x4  
  147  14:47  Viking x2, Marine x6  
  147  14:49  Marine x2  
  154  14:57  Marine x2  
  154  14:59  Planetary Fortress  
  155  15:05  Marine x5  
  155  15:06  Marine  
  155  15:07  Marine  
  155  15:13  Marine  
  140  15:15  Marine  
  140  15:16  Viking x5  
  140  15:17  Viking  
  131  15:23  Marine x2  
  131  15:24  Marine  
  128  15:31  Marine  
  122  15:41  Marine  
  119  15:46  Viking x2  
  119  15:49  Barracks  
  122  15:50  Barracks  
  122  15:51  Marine  
  122  15:52  Barracks  
  122  15:54  Barracks x2  
  120  15:59  Marine  
  94  16:13  Missile Turret  
  94  16:15  Missile Turret  
  94  16:16  Viking  
  97  16:18  Missile Turret  
  87  16:27  Marine  
  81  16:33  Viking x2  
  73  16:45  Marine  
  73  16:46  Viking, Marine x5  
  58  16:48  Orbital Command  
  43  17:02  Marine  
  43  17:04  Marine x5  
Show
View Real Time Build Order
Export as new Build Order

Strange Protoss - Winner!

Build Orders: Blink Stalkers, Carriers 

Get SALT Encoding   

  12  0:00  Probe  
  13  0:12  Probe  
  14  0:17  Pylon  
  14  0:24  Probe (Chrono Boost)  
  16  0:36  Gateway, Probe (Chrono Boost)  
  16  0:42  Probe (Chrono Boost)  
  16  0:45  Assimilator  
  17  0:51  Probe  
  18  1:03  Probe  
  19  1:15  Probe  
  20  1:22  Zealot (Chrono Boost)  
  22  1:27  Cybernetics Core  
  22  1:30  Probe  
  23  1:54  Nexus  
  23  2:02  Pylon  
  23  2:07  Assimilator  
  23  2:11  Warp Gate  
  23  2:20  Probe (Chrono Boost)  
  23  2:22  Stalker  
  27  2:31  Probe (Chrono Boost)  
  27  2:35  Probe (Chrono Boost), Pylon  
  28  2:45  Twilight Council  
  28  2:47  Probe  
  29  2:58  Stalker  
  31  3:02  Probe (Chrono Boost)  
  32  3:06  Probe (Chrono Boost)  
  34  3:15  Probe (Chrono Boost)  
  34  3:16  Probe (Chrono Boost)  
  35  3:20  Gateway, Probe (Chrono Boost)  
  35  3:22  Blink (Chrono Boost)  
  36  3:30  Probe  
  36  3:32  Probe  
  38  3:42  Probe  
  38  3:43  Robotics Facility  
  38  3:44  Probe  
  40  3:50  Shield Battery  
  40  3:54  Probe  
  41  3:56  Probe  
  41  3:59  Stalker  
  44  4:06  Probe  
  44  4:09  Probe  
  46  4:18  Probe  
  46  4:21  Probe  
  48  4:24  Stalker  
  48  4:26  Nexus  
  48  4:30  Observer (Chrono Boost)  
  51  4:31  Probe  
  51  4:34  Probe  
  51  4:36  Pylon  
  51  4:38  Forge  
  53  4:41  Pylon  
  53  4:43  Probe  
  54  4:54  Probe, Pylon  
  54  4:55  Probe  
  54  4:57  Observer  
  57  5:02  Gateway  
  57  5:04  Gateway  
  57  5:06  Probe  
  58  5:08  Charge, Probe  
  58  5:10  Sentry  
  58  5:11  Protoss Ground Weapons Level 1 (Chrono Boost)  
  61  5:17  Observer  
  61  5:18  Probe  
  61  5:20  Probe  
  63  5:25  Shield Battery  
  63  5:29  Observer  
  63  5:30  Probe  
  63  5:31  Pylon  
  63  5:32  Probe  
  65  5:38  Observer, Gateway, Probe  
  65  5:39  Gateway  
  65  5:42  Sentry  
  68  5:43  Probe  
  68  5:44  Warp Prism (Chrono Boost), Probe  
  72  5:51  Probe  
  72  5:55  Probe  
  72  5:56  Probe  
  74  5:57  Assimilator  
  74  5:59  Assimilator  
  74  6:03  Probe  
  74  6:04  Assimilator x2  
  75  6:07  Probe  
  75  6:08  Probe  
  77  6:12  Gateway  
  77  6:15  Probe  
  77  6:16  Gateway  
  78  6:19  Probe  
  78  6:20  Probe  
  80  6:27  Probe  
  80  6:28  Immortal (Chrono Boost), Pylon  
  80  6:30  Pylon  
  80  6:31  Probe  
  80  6:32  Probe  
  87  6:33  Observer  
  87  6:34  Templar Archives  
  87  6:36  Observer  
  87  6:39  Probe, Pylon  
  88  6:43  Probe  
  88  6:44  Probe  
  90  6:51  Probe  
  90  6:52  Psionic Storm  
  91  6:54  Protoss Ground Armor Level 1 (Chrono Boost)  
  91  6:55  Pylon  
  91  7:01  Immortal (Chrono Boost)  
  91  7:03  Zealot x4  
  103  7:15  High Templar x2  
  107  7:16  Pylon  
  107  7:20  Nexus  
  107  7:25  Pylon  
  107  7:30  High Templar  
  107  7:31  High Templar  
  107  7:35  Probe x2  
  107  7:36  Probe  
  114  7:37  Pylon  
  114  7:42  Forge  
  114  7:45  Gateway  
  114  7:47  Gateway, Probe  
  114  7:48  Probe  
  114  7:49  Probe  
  114  7:51  Photon Cannon  
  117  7:52  Shield Battery  
  117  7:55  Observer  
  117  7:59  High Templar x2  
  117  8:01  Immortal, Probe  
  117  8:02  Probe  
  117  8:04  Archon  
  117  8:05  Photon Cannon  
  127  8:09  Photon Cannon  
  127  8:10  Probe  
  127  8:12  Protoss Ground Weapons Level 2 (Chrono Boost)  
  128  8:13  Probe  
  128  8:14  Probe  
  130  8:27  Robotics Facility, Robotics Bay  
  130  8:32  Probe x4  
  134  8:34  Stalker x3, Assimilator  
  134  8:35  Assimilator  
  134  8:41  Photon Cannon, High Templar  
  140  8:42  Photon Cannon  
  142  8:55  Protoss Ground Armor Level 2 (Chrono Boost)  
  142  8:58  Stalker  
  142  8:59  Stalker x2  
  142  9:00  Zealot x4  
  156  9:03  Pylon  
  156  9:12  Colossus (Chrono Boost), Photon Cannon  
  156  9:13  Pylon  
  156  9:15  Pylon  
  162  9:17  Extended Thermal Lance  
  168  9:33  Colossus (Chrono Boost)  
  166  9:42  Nexus  
  166  9:43  Pylon  
  166  9:48  Stalker x2  
  166  9:49  Stalker x3  
  166  9:52  Zealot x4  
  176  9:53  Zealot  
  176  9:56  Colossus (Chrono Boost), Probe x4  
  178  10:06  Stargate  
  174  10:09  Photon Cannon  
  174  10:11  Photon Cannon  
  174  10:12  High Templar  
  174  10:15  Photon Cannon, Protoss Air Weapons Level 1 (Chrono Boost)  
  174  10:17  Observer  
  174  10:19  Protoss Ground Weapons Level 3 (Chrono Boost)  
  174  10:21  Photon Cannon  
  175  10:22  Photon Cannon  
  175  10:24  Shield Battery, Photon Cannon  
  175  10:34  Photon Cannon  
  175  10:43  Disruptor x2  
  175  10:47  Probe x2  
  175  10:48  Probe  
  184  10:50  Fleet Beacon  
  184  10:51  Stargate  
  184  10:53  Stargate  
  184  10:55  Cybernetics Core  
  184  11:01  Zealot x3  
  184  11:03  Protoss Ground Armor Level 3 (Chrono Boost)  
  188  11:05  Assimilator  
  188  11:06  Assimilator  
  188  11:16  High Templar  
  188  11:17  Zealot x4  
  192  11:30  Zealot x4  
  194  11:37  Carrier x3  
  194  11:38  Zealot x5  
  191  11:57  Pylon  
  191  11:59  Pylon  
  191  12:08  Nexus  
  191  12:12  Pylon  
  191  12:13  Pylon  
  191  12:15  Protoss Air Armor Level 1 (Chrono Boost)  
  191  12:17  Zealot x2  
  182  12:23  Zealot  
  182  12:24  Zealot x2  
  182  12:29  Protoss Air Weapons Level 2 (Chrono Boost)  
  186  12:35  Nexus  
  186  12:38  Carrier (Chrono Boost)  
  186  12:39  Carrier (Chrono Boost)  
  186  12:42  Pylon  
  197  13:04  Protoss Shields Level 1  
  197  13:07  Observer, Photon Cannon  
  197  13:08  Photon Cannon  
  197  13:10  Photon Cannon  
  197  13:11  Shield Battery  
  195  13:56  Stalker x2  
  196  14:15  Archon  
  196  14:16  Archon  
  189  14:30  Zealot x2  
  189  14:31  Zealot x8  
  166  14:39  Carrier  
  156  15:04  Pylon  
  153  15:09  Pylon x2  
  153  15:11  Pylon  
  142  15:16  Stalker  
  140  15:23  Zealot x2  
  140  15:24  Zealot x3  
  140  15:35  Stalker x2  
  140  15:36  Stalker  
  137  15:55  Zealot x3  
  137  15:56  Stalker x2  
  145  16:01  Observer (Chrono Boost)  
  136  16:13  Zealot x3  
  137  16:28  Zealot x2  
  137  16:29  Zealot x3  
  128  16:37  Zealot x3  
  117  16:58  Zealot x2  
  102  17:01  Zealot x3  
Tags
 
Add a new tag
Caveats
  • Supply blocks, unpowered buildings, or Contaminate may cause inaccurate times.
  • Supply counts are checked every 10 seconds.